 Dungeon Crawl Stone Soup version 0.21.1-1-g345015f (webtiles) character file.

240 Fortress the Cudgeler (level 5, 0/53 HPs)
             Began as a Troll Fighter on June 14, 2018.
             Slain by a kobold
             ... wielding a +0 short sword
              (4 damage)
             ... on level 3 of the Dungeon.
             The game lasted 00:22:59 (2598 turns).

Fortress the Cudgeler (Troll Fighter)               Turns: 2598, Time: 00:22:59

Health: 0/53       AC:  5    Str: 24    XL:     5   Next: 80%
Magic:  4/4        EV:  9    Int:  6    God:
Gold:   120        SH:  9    Dex: 10    Spells: 4/4 levels left

rFire    . . .     SeeInvis .   a - +0 flail
rCold    . . .     Gourm    +   c - +0 shield
rNeg     . . .     Faith    +   b - +0 robe
rPois    .         Spirit   .   (helmet restricted)
rElec    .         Reflect  .   (no cloak)
rCorr    .         Harm     .   (gloves unavailable)
MR       .....                  (boots unavailable)
Stlth    +.........             t - amulet of faith
HPRegen  0.57/turn              (no ring)
MPRegen  0.09/turn              (no ring)

@: berserk cooldown, very slightly contaminated, slowed, very slow
A: large, unfitting armour, claws 3, clever 1, fast metabolism 3, gourmand,
regeneration 1, shaggy fur 1, tough skin 2, MP-powered wands
a: no special abilities


You were on level 3 of the Dungeon.
You were very full.

You visited 1 branch of the dungeon, and saw 4 of its levels.

You collected 120 gold pieces.

Inventory:

Hand Weapons
 a - a +0 flail (weapon)
 e - a +0 hunting sling
Missiles
 h - 88 stones (quivered)
 i - 114 arrows
 s - 13 poisoned needles
Armour
 b - a +0 robe (worn)
 c - a +0 shield (worn)
Jewellery
 t - an amulet of faith (around neck)
 x - an uncursed ring of magical power
Scrolls
 g - 2 scrolls of identify
 j - 3 scrolls of fog
 k - a scroll of remove curse
 l - 3 scrolls of teleportation
 n - a scroll of noise
 u - a scroll of enchant weapon {unknown}
 y - a scroll of amnesia {unknown}
Potions
 d - 2 potions of might
 o - a potion of mutation
 q - a potion of degeneration {unknown}
 v - a potion of lignification
 w - a potion of curing {unknown}
Comestibles
 f - 5 rations
 m - 5 chunks of flesh


   Skills:
 + Level 3.0 Fighting
 + Level 3.6 Maces & Flails
 + Level 3.2 Dodging
 - Level 0.1 Stealth
 + Level 3.5 Shields


You had 4 spell levels left.
You didn't know any spells.

Dungeon Overview and Level Annotations

Branches:
Dungeon (4/15)
 Temple: D:4-7

Altars:

Annotations:
D:3 Sigmund


Innate Abilities, Weirdness & Mutations

You are too large for most types of armour.
You have claws for hands.
Your metabolism is lightning-fast.
You like to eat raw meat.
Your natural rate of healing is unusually fast.
You are covered in fur. (AC +1)
You have very tough skin. (AC +2)
Your mind is acute. (Int +2)
You expend magic power (3 MP) to strengthen your wands.


Message History

A red film seems to cover your vision as you go berserk!
You feel yourself moving faster!
You feel mighty! You block the kobold's attack.
You feel a strong urge to attack something.
You feel your anger nearly subside.
You are no longer berserk.
You are exhausted.
You feel yourself slow down.
Sigmund points at you and mumbles some strange words.
You resist with some effort. The kobold hits you but does no damage.
Sigmund zaps a wand.
The puff of flame hits you!
* * * LOW HITPOINT WARNING * * *
The kobold misses you. You block Sigmund's attack.
The kobold hits you with a short sword!
* * * LOW HITPOINT WARNING * * *
Sigmund casts a spell.
Sigmund flickers and vanishes!
Deactivating autopickup; reactivate with Ctrl-A.
The kobold hits you with a short sword.
You die...

# #.###....#...............##
#######..........................
.......####...................)..
######.# ######.##'####'####'##.
# #.## ##[##..#.....#..#.. #..#
#...#..#..÷..#..### ##.#
#...####.....#### ####.####
#...#..#.....#..# #....^..#
#.@.#..'.....'..#
#.##÷##.####.K.####'###'#####
#.##.##...........#..#..#...##
#............{....#..'..#..... #
#..#.##...........#######...## #
#..#.##.####...#### #....... #
#.......# #...# #...#.#.
#####.#.#### #...# #..##.#.
.<.#.......# #...#### #.....#.


You could see a kobold.

Vanquished Creatures
  A howler monkey (D:3)
  10 adders
  3 gnolls (D:2)
  4 worms (D:2)
  2 dart slugs (D:1)
  A leopard gecko (D:2)
  An orc (D:2)
  2 giant cockroaches
  11 goblins
  9 hobgoblins
  4 jackals (D:2)
  6 kobolds
  A quokka (D:3)
  4 ball pythons
  4 bats
  3 frilled lizards
  8 rats
74 creatures vanquished.

Vanquished Creatures (others)
  An orc (D:3)
1 creature vanquished.

Grand Total: 75 creatures vanquished

Notes
Turn   | Place    | Note
-------+----------+-------------------------------------------
     0 | D:1      | Fortress the Troll Fighter began the quest for the Orb.
     0 | D:1      | Reached XP level 1. HP: 22/22 MP: 0/0
   188 | D:1      | Reached XP level 2. HP: 29/29 MP: 1/1
   784 | D:2      | Reached XP level 3. HP: 27/36 MP: 2/2
  1515 | D:2      | Reached XP level 4. HP: 44/44 MP: 3/3
  1643 | D:2      | HP: 1/44 [gnoll/club (10)]
  1644 | D:2      | Gained mutation: You expend magic power (3 MP) to strengthen your wands. [potion of mutation]
  1644 | D:2      | Gained mutation: Your mind is acute. (Int +2) [potion of mutation]
  2156 | D:3      | Reached XP level 5. HP: 52/52 MP: 4/4
  2526 | D:3      | Noticed Sigmund
  2582 | D:3      | HP: 1/53 [Sigmund/scythe (7)]
  2596 | D:3      | HP: 2/53 [kobold/short sword (7)]
  2598 | D:3      | Slain by a kobold

Skill      XL: |  1  2  3  4  5 |
---------------+----------------+-----
Shields        | 3 |  3.5
Maces & Flails | 2 3 |  3.6
Dodging        | 3 |  3.2
Fighting       | 3 |  3.0
Stealth        | |  0.1

Action                   |  1- 3 |  4- 6 || total
-------------------------+-------+-------++-------
Melee: Flail             |   146 |   114 ||   260
  Use: Scroll            |       |     8 ||     8
       Potion            |       |     3 ||     3
 Stab: Sleeping          |       |     1 ||     1
  Eat: Chunk             |    20 |    10 ||    30
Armor: Robe              |    62 |    33 ||    95
       Skin              |       |     7 ||     7
Dodge: Dodged            |    42 |    46 ||    88
Block: Shield            |    86 |    56 ||   142
